 Dungeon Crawl Stone Soup version 0.29.1-2-gbd0b4ee654 (webtiles) character file.

Game seed: 3157222998312722869

244 JayTehDuck the Chopper (level 5, -3/46 HPs)
             Began as a Minotaur Gladiator on Nov 7, 2022.
             Slain by Sigmund
             ... wielding a +0 scythe
              (4 damage)
             ... on level 4 of the Dungeon.
             The game lasted 00:04:42 (3658 turns).

JayTehDuck the Chopper (Minotaur Gladiator)         Turns: 3658, Time: 00:04:42

Health: -3/46      AC:  6    Str: 20    XL:     5   Next: 83%
Magic:  4/4        EV: 11    Int:  5    God:
Gold:   164        SH:  0    Dex: 12    Spells: 4/4 levels left

rFire   . . .      SeeInvis .   a - +0 war axe
rCold   . . .      Faith    .   (no shield)
rNeg    . . .      Spirit   .   o - +0 scale mail
rPois   .          Reflect  .   c - +0 hat
rElec   .          Harm     .   (no cloak)
rCorr   .          Rampage  .   (no gloves)
Will    .....                   (no boots)
Stlth   ..........              g - amulet of magic regeneration
HPRegen 0.15/turn               (no ring)
MPRegen 0.49/turn               (no ring)

@: no status effects
A: horns 2, retaliatory headbutt
a: no special abilities


You were on level 4 of the Dungeon.
You visited 1 branch of the dungeon, and saw 4 of its levels.

You collected 164 gold pieces.

Inventory:

Hand Weapons
 a - a +0 war axe (weapon)
 r - a +0 giant club
Missiles
 d - 3 throwing nets (quivered)
 e - a javelin
Armour
 b - a +0 leather armour
 c - a +0 hat (worn)
 n - a +0 ring mail
 o - a +0 scale mail (worn)
Jewellery
 g - an amulet of magic regeneration (around neck)
 l - an amulet of guardian spirit
 m - a ring of poison resistance
 p - a ring of see invisible
Scrolls
 h - a scroll of vulnerability {unknown}
 i - a scroll of noise
 k - a scroll of magic mapping
Potions
 f - a potion of flight
 j - a potion of degeneration {unknown}
 q - a potion of haste


   Skills:
 + Level 3.6 Fighting
 + Level 6.0 Axes
 + Level 2.0 Throwing
 + Level 3.2 Armour
 + Level 4.0 Dodging
 + Level 0.1 Stealth


You had 4 spell levels left.
You didn't know any spells.
Your spell library contained the following spells:

 Spells                   Type           Power      Damage    Failure   Level
 Freezing Cloud           Conj/Ice/Air   0%         6-21      100%        5
 Simulacrum               Ice/Necr       0%         N/A       100%        6
 Polar Vortex             Ice            0%         N/A       100%        9


Dungeon Overview and Level Annotations

Branches:
Dungeon (4/15)
 Temple: D:4-7

Altars:

Annotations:
D:4 Sigmund


Innate Abilities, Weirdness & Mutations

You have a pair of horns on your head.
You reflexively headbutt those who attack you in melee.


Message History

You hit the gnoll but do no damage. Your headbutt misses the gnoll.
You barely miss the gnoll. The gnoll hits you with a +0 scythe.
The gnoll hits you with a +0 scythe!
Sigmund is suddenly surrounded by pale red light.
Sigmund casts a spell.
Sigmund flickers and vanishes!
Deactivating autopickup; reactivate with Ctrl-A.
Autopickup is now on.
You hit the gnoll. Your headbutt misses the gnoll.
The gnoll is moderately wounded.
You hit the gnoll. The gnoll closely misses you.
The gnoll hits you with a +0 scythe. Something barely misses you.
The gnoll barely misses you. The gnoll closely misses you.
You closely miss the gnoll.
The gnoll is heavily wounded.
You hit the gnoll. The gnoll hits you with a +0 scythe. Something hits you.
Deactivating autopickup; reactivate with Ctrl-A.
The gnoll hits you with a +0 scythe!
* * * LOW HITPOINT WARNING * * *
You hit the gnoll. Your headbutt misses the gnoll.
The gnoll is almost dead.
You hit the gnoll.
You kill the gnoll!
The gnoll hits you with a +0 scythe.
* * * LOW HITPOINT WARNING * * *
You slash the gnoll!
You kill the gnoll!
Something hits you.
* * * LOW HITPOINT WARNING * * *
Your Axes skill increases to level 6!
Something hits you.
* * * LOW HITPOINT WARNING * * *
Things that are here:
a +0 scythe; a +0 robe You barely miss something.
Your headbutt misses something.
You hear some strange, mumbled words.
A magic dart appears from out of thin air!
The magic dart hits you but does no damage.
You closely miss something. Your headbutt misses something. Something hits you.
You die...

#. . #.. #...
#######...#########
#
......#........#).#
#
......#........'@{#
#.. #
......#........#..#
#.....#
......#.).....######
#.....#
.....^#.......#....#
. #.....#
......######'##....#
#. #...##
#####..............#
#..##...##
#..............#
..........
#..............#
..........
#..............#
..........


There were no monsters in sight!

Vanquished Creatures
  An ogre (D:4)
  Natasha (twice) (D:3)
  2 gnolls (D:4)
  An adder (D:2)
  2 worms (D:2)
  2 dart slugs (D:1)
  5 orcs (D:3)
  6 bats
  2 endoplasms
  6 goblins (D:1)
  7 hobgoblins
  2 jackals (D:2)
  8 kobolds
  2 quokkas
  10 ball pythons
  21 rats
79 creatures vanquished.

Notes
Turn   | Place    | Note
-------+----------+-------------------------------------------
     0 | D:1      | JayTehDuck the Minotaur Gladiator began the quest for the
                  | Orb.
     0 | D:1      | Reached XP level 1. HP: 18/18 MP: 0/0
   227 | D:1      | Reached XP level 2. HP: 24/25 MP: 1/1
   557 | D:1      | Reached skill level 4 in Axes
   807 | D:1      | Reached skill level 1 in Armour
   807 | D:1      | Reached XP level 3. HP: 30/30 MP: 2/2
   905 | D:1      | Found a faded altar of an unknown god.
  2342 | D:3      | Reached XP level 4. HP: 34/38 MP: 3/3
  2583 | D:3      | Noticed Natasha
  2585 | D:3      | Killed Natasha
  2586 | D:3      | Reached skill level 5 in Axes
  2712 | D:3      | Identified the +6 scale mail of the Cherry {Harm rF+ rN+
                  | Int+3 SInv}
  2902 | D:3      | Noticed Natasha
  2906 | D:3      | Killed Natasha
  3006 | D:3      | Reached XP level 5. HP: 45/45 MP: 4/4
  3465 | D:4      | Noticed an ogre
  3470 | D:4      | Killed an ogre
  3649 | D:4      | Noticed Sigmund
  3656 | D:4      | Reached skill level 6 in Axes
  3656 | D:4      | HP: 1/46 [something (4)]
  3658 | D:4      | Slain by Sigmund

Illustrated notes

Levels and vault maps discovered:
D:1:      shiori_arrival_oz, layout_basic, serial_glass, glass_columns_b,
          glass_columns_c, glass_columns_a, glass_columns_a, glass_columns_a,
          shapermc_ecumenical_altar_pompeii, minmay_close_crescents
D:2:      layout_loops_ring
D:3:      layout_loops_cross, minmay_rat_hole, uniq_natasha
D:4:      layout_gridville, sigmund_army, uniq_sigmund

Skill      XL: |  1  2  3  4  5 |
---------------+----------------+-----
Axes           | 4 5 6 |  6.0
Armour         | 1 2 3 |  3.2
Fighting       | 3 |  3.6
Dodging        | 4 |  4.0
Throwing       | |  2.0
Stealth        | |  0.1

Action                   |  1- 3 |  4- 6 || total
-------------------------+-------+-------++-------
Melee: War axe           |    92 |    60 ||   152
       Headbutt          |     7 |    11 ||    18
  Use: Scroll            |     3 |     1 ||     4
Armor: Leather armour    |    28 |       ||    28
       Scale mail        |       |    11 ||    11
Dodge: Dodged            |    69 |    29 ||    98
